 Dungeon Sprint DCSS version 0.26-a0-690-gcb57259078 (webtiles) character file.

Game seed: 691362322680770205

7931 jfcaron the Impaler (level 11, -7/166 HPs)
             Began as a Minotaur Berserker on Oct 25, 2020.
             Was a High Priest of Trog.
             Killed from afar by Lom Lobon (16 damage)
             ... with a tornado
             ... in the Dungeon (Sprint I: "Red Sonja").
             The game lasted 00:08:37 (2573 turns).

jfcaron the Impaler (Minotaur Berserker)            Turns: 2573, Time: 00:08:39

Health: -7/166     AC: 12    Str: 25    XL:     11   Next: 3%
Magic:  3/3        EV: 14    Int:  4    God:    Trog [*****.]
Gold:   430        SH:  0    Dex: 10    Spells: 10/10 levels left

rFire    . . .     SeeInvis .   a - +3 glaive (antimagic)
rCold    . . .     Faith    .   (shield currently unavailable)
rNeg     . . .     Spirit   .   h - +0 chain mail
rPois    .         Reflect  .   (helmet restricted)
rElec    .         Harm     .   (no cloak)
rCorr    .         Rampage  .   (no gloves)
MR       .....     NoTele   +   (no boots)
Stlth    ..........             (no amulet)
HPRegen  0.37/turn              (no ring)
MPRegen  0.08/turn              (no ring)

@: berserking, lethally poisoned (-7 -> -27), flying (expiring), slowed, drained
A: retaliatory headbutt, horns 2
a: Berserk, Trog's Hand, Brothers in Arms, Renounce Religion


You were in the Dungeon.
You worshipped Trog.
Trog was extremely pleased with you.
You visited 1 branch You collected 614 gold pieces.
You spent 184 gold pieces at shops.

Inventory:

Hand Weapons
 a - a +3 antimagic glaive (weapon)
 b - a +2 halberd of venom
 d - a +0 spear
Missiles
 k - 14 sling bullets
Armour
 h - a +0 chain mail (worn)
Scrolls
 j - a scroll of brand weapon {unknown}
Potions
 c - a potion of curing
 e - a potion of haste
 f - 2 potions of magic


   Skills:
 + Level 14.9(13.6) Fighting
 * Level 17.7(16.3) Polearms
 + Level 14.7(13.4) Armour
 + Level 13.7(12.4) Dodging


You had 10 spell levels left.
You didn't know any spells.
Your spell library was empty.

Dungeon Overview and Level Annotations

Branches:
Dungeon (1/1)

Altars:
Cheibriados
Dithmenos
Elyvilon
Fedhas
Gozag
Hepliaklqana
Kikubaaqudgha
Makhleb
Nemelex Xobeh
Okawaru
Qazlal
Ru
Sif Muna
Trog
Uskayaw
Vehumet
Wu Jian
Xom
Yredelemnul
Zin
The Shining One
Jiyva
Lugonu

Shops:
D (

Annotations:
D Lom Lobon


Innate Abilities, Weirdness & Mutations

You reflexively headbutt those who attack you in melee.
You have a pair of horns on your head.


Message History

You kill Sonja!
Trog accepts your kill.
Trog appreciates your killing of a magic user.
You have reached level 11!
* * * LOW HITPOINT WARNING * * *
You feel very sick.
A red film seems to cover your vision as you go berserk!
You feel yourself moving faster!
You feel mighty!
* * * LOW HITPOINT WARNING * * *
You feel very sick.
Lom Lobon gestures.
A great vortex of raging winds appears around Lom Lobon!
Unknown command.
You slice Lom Lobon!!
Lom Lobon's magic leaks into the air.
Lom Lobon is lightly wounded.
* * * LOW HITPOINT WARNING * * *
You feel sick.
The vortex of raging winds lifts you up.
You fly up into the air.
You die...

############################
#<.#.[)..#.['..#__#..)...#.)
#..'†.#..'..#..'..'.)#...##§
#..#####'#####§#__####...'..
#..####..#...#§#### #####.§
#..#__####§@##§# #+#
#..#_____##&#§§+ #.^.
#⌠⌠#_.∩...§).○☼# #^^^
####_..&_##_°#☼# ###°
#_____###'#.# . #######
#.### . $.$ . $.$# ##.##


You could see Lom Lobon (tornado).

Vanquished Creatures
  A deep elf annihilator (D)
  A mummy priest (D)
  A hydra (D)
  Sonja (D)
  A lindwurm (D)
  An oklob plant (D)
  2 merfolk sirens (D)
  2 gargoyles (D)
  2 kobold demonologists (D)
  4 demonic crawlers (D)
  A hellwing (D)
  4 hornets (D)
  A slime creature (D)
  Sigmund (D)
  A yak (D)
  13 hogs (D)
  2 floating eyes (D)
  An ogre (D)
  A jelly (D)
  Ijyb (D)
42 creatures vanquished.

Notes
Turn   | Place    | Note
-------+----------+-------------------------------------------
     0 | D        | jfcaron the Minotaur Berserker began the quest for the Orb.
     0 | D        | Reached XP level 1. HP: 19/19 MP: 0/0
     2 | D        | Noticed Ijyb
    13 | D        | Killed Ijyb
    13 | D        | Reached skill level 5 in Fighting
    13 | D        | Reached skill level 5 in Polearms
    13 | D        | Reached XP level 2. HP: 24/29 MP: 1/1
    69 | D        | Noticed an ogre
    72 | D        | Killed an ogre
    72 | D        | Reached skill level 6 in Polearms
    72 | D        | Reached skill level 5 in Armour
    72 | D        | Reached skill level 5 in Dodging
    72 | D        | Reached XP level 3. HP: 38/38 MP: 2/2
    72 | D        | Reached XP level 4. HP: 45/45 MP: 3/3
   135 | D        | Noticed Sigmund
   151 | D        | Killed Sigmund
   151 | D        | Reached ** piety under Trog
   151 | D        | Reached skill level 8 in Polearms
   151 | D        | Reached XP level 5. HP: 53/53 MP: 4/4
   248 | D        | Found an ornate altar of the Wu Jian Council.
   248 | D        | Found a shimmering blue altar of Sif Muna.
   250 | D        | Found a radiant altar of Vehumet.
   252 | D        | Reached XP level 6. HP: 62/62 MP: 5/5
   282 | D        | Found Jixoehui's Weapon Emporium.
   282 | D        | Found an ancient bone altar of Kikubaaqudgha.
   282 | D        | Found a hazy altar of Hepliaklqana.
   282 | D        | Found a hide-covered altar of Uskayaw.
   282 | D        | Found a basalt altar of Yredelemnul.
   282 | D        | Found an opulent altar of Gozag.
   282 | D        | Found a snail-covered altar of Cheibriados.
   282 | D        | Found a sacrificial altar of Ru.
   282 | D        | Found a shadowy altar of Dithmenos.
   282 | D        | Noticed a yak
   286 | D        | Killed a yak
   286 | D        | Reached skill level 9 in Polearms
   287 | D        | Found a stormy altar of Qazlal.
   287 | D        | Found a blossoming altar of Fedhas.
   287 | D        | Found a bloodstained altar of Trog.
   287 | D        | Found an iron altar of Okawaru.
   287 | D        | Found a glowing golden altar of the Shining One.
   287 | D        | Found a glowing silver altar of Zin.
   287 | D        | Found a white marble altar of Elyvilon.
   288 | D        | Found a sparkling altar of Nemelex Xobeh.
   293 | D        | Bought a +2 halberd of venom for 184 gold pieces
   455 | D        | Found a burning altar of Makhleb.
   455 | D        | Found a viscous altar of Jiyva.
   455 | D        | Found a shimmering altar of Xom.
   455 | D        | Found a corrupted altar of Lugonu.
   455 | D        | Noticed a slime creature
   464 | D        | HP: 2/64 [slime creature (15)]
   466 | D        | Killed a slime creature
   466 | D        | Reached *** piety under Trog
   466 | D        | Reached skill level 10 in Fighting
   466 | D        | Reached skill level 10 in Polearms
   466 | D        | Reached XP level 7. HP: 2/72 MP: 6/6
   564 | D        | Killed a hornet
   603 | D        | Killed a hornet
   797 | D        | Noticed a kobold demonologist
   797 | D        | Noticed a kobold demonologist
   798 | D        | Paralysed by a floating eye for 3 turns
   800 | D        | Noticed a hellwing
   802 | D        | Reached skill level 10 in Armour
   811 | D        | Noticed a rust devil
   814 | D        | Killed a kobold demonologist
   814 | D        | Reached skill level 11 in Polearms
   814 | D        | Killed a kobold demonologist
   814 | D        | Reached **** piety under Trog
   814 | D        | Reached skill level 12 in Polearms
   814 | D        | Reached skill level 10 in Dodging
   814 | D        | Reached XP level 8. HP: 67/82 MP: 7/7
   878 | D        | Noticed a demonic crawler
   878 | D        | Noticed a demonic crawler
   878 | D        | Noticed a demonic crawler
   878 | D        | Noticed a demonic crawler
   883 | D        | Killed a demonic crawler
   888 | D        | Killed a demonic crawler
   888 | D        | Reached skill level 13 in Polearms
   890 | D        | HP: 22/124 [demonic crawler (6)]
   891 | D        | Killed a demonic crawler
   891 | D        | Reached XP level 9. HP: 19/90 MP: 8/8
   893 | D        | HP: 8/135 [demonic crawler (3)]
   898 | D        | HP: 18/90 [demonic crawler (4)]
   900 | D        | Killed a demonic crawler
  1110 | D        | Killed a gargoyle
  1179 | D        | Noticed a gargoyle
  1183 | D        | Killed a gargoyle
  1183 | D        | Reached skill level 14 in Polearms
  1241 | D        | Noticed a lindwurm
  1248 | D        | Killed a lindwurm
  1477 | D        | Reached ***** piety under Trog
  1477 | D        | Reached skill level 15 in Polearms
  1493 | D        | Reached XP level 10. HP: 54/101 MP: 9/9
  1498 | D        | Received a gift from Trog
  1501 | D        | Reached skill level 16 in Polearms
  1705 | D        | Noticed a 12-headed hydra
  2019 | D        | Killed a 12-headed hydra
  2046 | D        | Noticed a merfolk siren
  2046 | D        | Noticed a deep elf annihilator
  2050 | D        | Noticed a merfolk siren
  2063 | D        | HP: 20/103 [deep elf annihilator/crystal spear (31)]
  2067 | D        | Killed a deep elf annihilator
  2071 | D        | Killed a merfolk siren
  2072 | D        | Killed a merfolk siren
  2376 | D        | Noticed a mummy priest
  2377 | D        | Noticed an oklob plant
  2381 | D        | Killed an oklob plant
  2381 | D        | Reached skill level 17 in Polearms
  2393 | D        | Killed a mummy priest
  2506 | D        | Noticed Lom Lobon
  2563 | D        | Noticed Sonja
  2570 | D        | HP: 12/104 [asphyx]
  2571 | D        | Killed Sonja
  2571 | D        | Reached XP level 11. HP: 13/111 MP: 3/10
  2573 | D        | Killed from afar by Lom Lobon

Illustrated notes

Levels and vault maps discovered:
D:        dungeon_sprint_1 [red_sonja_temple_1, red_sonja_temple_small_1]

Skill      XL: |  1  2  3  4  5  6  7  8  9 10 |
---------------+-------------------------------+-----
Fighting       | 5 6 8 10 11 12 13 14 | 14.9
Polearms       | 5 6 8 10 12 13 15 17 | 17.7
Armour         | 4 5 7 8 9 10 11 13 14 | 14.7
Dodging        | 3 5 7 9 10 12 13 | 13.7

Action                   |  1- 3 |  4- 6 |  7- 9 | 10-12 || total
-------------------------+-------+-------+-------+-------++-------
Melee: Spear             |    13 |    15 |       |     4 ||    32
       Headbutt          |     2 |     2 |    13 |     5 ||    22
       Scythe            |       |     5 |       |       ||     5
       Halberd           |       |    11 |    60 |    16 ||    87
       Glaive            |       |       |       |    32 ||    32
Invok: Berserk           |     1 |     1 |     2 |       ||     4
       Brothers in Arms  |       |       |     1 |     4 ||     5
       Trog's Hand       |       |       |       |     1 ||     1
  Use: Potion            |       |       |     1 |     1 ||     2
       Scroll            |       |       |       |     1 ||     1
Armor: Leather armour    |       |     1 |    14 |     2 ||    17
       Chain mail        |       |       |       |    14 ||    14
Dodge: Dodged            |     9 |    12 |    60 |    24 ||   105

Table legend: (Time is in decaauts)
 A = Elapsed time spent in this place.
 B = Non-inter-level travel time spent in this place.
 C = Inter-level travel time spent in this place.
 D = Time resting spent in this place.
 E = Time spent auto-exploring this place.
 F = Levels seen in this place.
 G = Mean time per level.
                   A        B        C        D        E       F      G
               +--------+--------+--------+--------+--------+-----+--------+
         Total |   2600 |   2577 |     23 |   2066 |      0 |   1 | 2600.0 |
       Dungeon |   2600 |   2577 |     23 |   2066 |      0 |   1 | 2600.0 |
               +--------+--------+--------+--------+--------+-----+--------+

Top non-repeatable levels by time:
       D: 2600 daAuts
